TOP OF THE 1ST |
Texarkana Bears batting - Pitching for District 9 Prawns : RHP Víctor Ventura
|
Pitching: RHP Víctor Ventura
|
|
Batting: RHB Steve Garneys
|
0-0: Called Strike 0-1: Ball 1-1: Ball 2-1: Ground out 4-3 (Groundball, 34)
|
Batting: RHB Tony Reyes
|
0-0: Fly out, F5 (Line Drive, 5L)
|
Batting: LHB Sam Barnes
|
0-0: DOUBLE (Groundball, 3L)
|
Batting: RHB Kun Liu
|
0-0: Called Strike 0-1: Swinging Strike 0-2: Ball 1-2: Strikes out swinging
|
Top of the 1st over - 0 run(s), 1 hit(s), 0 error(s), 1 left on base; Texarkana 0 - District 9 0 |
BOTTOM OF THE 1ST |
District 9 Prawns batting - Pitching for Texarkana Bears : RHP Asher Zasko
|
Pitching: RHP Asher Zasko
|
|
Batting: LHB Leonard Young
|
0-0: Called Strike 0-1: Swinging Strike 0-2: Strikes out swinging
|
Batting: RHB José Colón
|
0-0: Ball 1-0: Ball 2-0: Foul Ball, location: 2F 2-1: Ball 3-1: Foul Ball, location: 2F 3-2: Foul Ball, location: 2F 3-2: Base on Balls
|
Batting: SHB Tony López
|
0-0: Ball 1-0: Fly out, F7 (Line Drive, 78M)
|
Batting: RHB Jared Thompson
|
0-0: Called Strike 0-1: Called Strike 0-2: Ball 1-2: Foul Ball, location: 2F 1-2: SINGLE (Groundball, 6MD) José Colón to second Runner from 2nd tries for 3rd, SAFE, throw made to third
|
Batting: RHB Felipe Jareño
|
0-0: Foul Ball, location: 2F 0-1: Ball 1-1: Fielders Choice at 2nd, 5-4 (Groundball, 56)
|
Bottom of the 1st over - 0 run(s), 1 hit(s), 0 error(s), 1 left on base; Texarkana 0 - District 9 0 |
TOP OF THE 2ND |
Texarkana Bears batting - Pitching for District 9 Prawns : RHP Víctor Ventura
|
Batting: LHB Tom Mullins
|
0-0: Ball 1-0: Ball 2-0: Called Strike 2-1: Foul Ball, location: 2F 2-2: Strikes out swinging
|
Batting: RHB Taki Chikafuji
|
0-0: SINGLE (Flyball, 6MD)
|
Batting: RHB Arturo Rodríguez
|
0-0: Ball 1-0: Ball 2-0: Called Strike 2-1: Swinging Strike 2-2: Strikes out swinging Taki Chikafuji steals 2nd base Batter strikes out.
|
Batting: RHB Gilberto López
|
0-0: Ball Wild Pitch! Taki Chikafuji to third 1-0: Called Strike 1-1: Ball 2-1: Swinging Strike 2-2: Ball 3-2: Fly out, F7 (Flyball, 7LS)
|
Top of the 2nd over - 0 run(s), 1 hit(s), 0 error(s), 1 left on base; Texarkana 0 - District 9 0 |
BOTTOM OF THE 2ND |
District 9 Prawns batting - Pitching for Texarkana Bears : RHP Asher Zasko
|
Batting: RHB Reynold Akker
|
0-0: Ball 1-0: Called Strike 1-1: Ball 2-1: Foul Ball, location: 2F 2-2: Fly out, F8 (Flyball, 8RD)
|
Batting: RHB Jeff Stevenson
|
0-0: Ground out 5-3 (Groundball, 56)
|
Batting: LHB Donnie Cunningham
|
0-0: Ball 1-0: Ball 2-0: Foul Ball, location: 2F 2-1: Ball 3-1: Base on Balls
|
Batting: RHB Phil Jacobs
|
0-0: Ball 1-0: Ball 2-0: Fielders Choice at 2nd, 5-4 (Groundball, 5)
|
Bottom of the 2nd over - 0 run(s), 0 hit(s), 0 error(s), 0 left on base; Texarkana 0 - District 9 0 |
TOP OF THE 3RD |
Texarkana Bears batting - Pitching for District 9 Prawns : RHP Víctor Ventura
|
Batting: RHB Michael Barraclough
|
0-0: Called Strike 0-1: Swinging Strike 0-2: Strikes out swinging
|
Batting: RHB Steve Garneys
|
0-0: Ball 1-0: Ball 2-0: Ball 3-0: Called Strike 3-1: Called Strike 3-2: Base on Balls
|
Batting: RHB Tony Reyes
|
0-0: Called Strike 0-1: Ball 1-1: Foul Ball, location: 2F 1-2: Ball 2-2: Ball 3-2: Grounds into double play, 5-4-3 (Groundball, 56D)
|
Top of the 3rd over - 0 run(s), 0 hit(s), 0 error(s), 0 left on base; Texarkana 0 - District 9 0 |
BOTTOM OF THE 3RD |
District 9 Prawns batting - Pitching for Texarkana Bears : RHP Asher Zasko
|
Batting: LHB Leonard Young
|
0-0: Ground out 4-3 (Groundball, 34D)
|
Batting: RHB José Colón
|
0-0: Ground out 6-3 (Groundball, 6S)
|
Batting: SHB Tony López
|
0-0: Ball 1-0: Called Strike 1-1: Ball 2-1: Ball 3-1: Called Strike 3-2: Base on Balls
|
Batting: RHB Jared Thompson
|
0-0: Foul Ball, location: 2F 0-1: Ball 1-1: Ball 2-1: Swinging Strike 2-2: Fly out, F7 (Flyball, 7D)
|
Bottom of the 3rd over - 0 run(s), 0 hit(s), 0 error(s), 1 left on base; Texarkana 0 - District 9 0 |
TOP OF THE 4TH |
Texarkana Bears batting - Pitching for District 9 Prawns : RHP Víctor Ventura
|
Batting: LHB Sam Barnes
|
0-0: Ball 1-0: SINGLE (Groundball, 34D)
|
Batting: RHB Kun Liu
|
0-0: Called Strike 0-1: Fly out, F8 (Flyball, 8LM)
|
Batting: LHB Tom Mullins
|
0-0: Fielders Choice at 2nd, 4-6 (Groundball, 34)
|
Batting: RHB Taki Chikafuji
|
0-0: Swinging Strike 0-1: Swinging Strike 0-2: Strikes out swinging
|
Top of the 4th over - 0 run(s), 1 hit(s), 0 error(s), 1 left on base; Texarkana 0 - District 9 0 |
BOTTOM OF THE 4TH |
District 9 Prawns batting - Pitching for Texarkana Bears : RHP Asher Zasko
|
Batting: RHB Felipe Jareño
|
0-0: Foul Ball, location: 2F 0-1: Ball 1-1: Ball 2-1: Called Strike 2-2: Ball 3-2: Ground out 6-3 (Groundball, 6)
|
Batting: RHB Reynold Akker
|
0-0: Foul Ball, location: 2F 0-1: Fly out, F7 (Flyball, 7)
|
Batting: RHB Jeff Stevenson
|
0-0: Called Strike 0-1: Ball 1-1: Fly out, F9 (Flyball, 9S)
|
Bottom of the 4th over - 0 run(s), 0 hit(s), 0 error(s), 0 left on base; Texarkana 0 - District 9 0 |
TOP OF THE 5TH |
Texarkana Bears batting - Pitching for District 9 Prawns : RHP Víctor Ventura
|
Batting: RHB Arturo Rodríguez
|
0-0: Ball 1-0: Called Strike 1-1: Swinging Strike 1-2: Strikes out swinging
|
Batting: RHB Gilberto López
|
0-0: Ground out 6-3 (Groundball, 6)
|
Batting: RHB Michael Barraclough
|
0-0: Ball 1-0: Called Strike 1-1: Called Strike 1-2: Strikes out swinging
|
Top of the 5th over - 0 run(s), 0 hit(s), 0 error(s), 0 left on base; Texarkana 0 - District 9 0 |
BOTTOM OF THE 5TH |
District 9 Prawns batting - Pitching for Texarkana Bears : RHP Asher Zasko
|
Batting: LHB Donnie Cunningham
|
0-0: Ball 1-0: Ball 2-0: Bunt missed! 2-1: Foul Ball, location: 2F 2-2: Strikes out swinging
|
Batting: RHB Phil Jacobs
|
0-0: Called Strike 0-1: Reached on error, E5 (Groundball, 5S)
|
Pitching: LHP Juan Barrera
|
|
Batting: LHB Leonard Young
|
0-0: Foul Ball, location: 2F 0-1: Called Strike 0-2: SINGLE (Flyball, 89M) Phil Jacobs to third Runner from 3rd tries for Home, SAFE, no throw
|
Batting: RHB José Colón
|
0-0: Ball 1-0: Called Strike 1-1: Ball 2-1: DOUBLE (Line Drive, 8LD) Leonard Young to third
|
Batting: SHB Tony López
|
0-0: Ground out 5-3 (Groundball, 56S) Leonard Young scores José Colón to third
|
Batting: RHB Jared Thompson
|
0-0: Ball 1-0: Foul Ball, location: 2F 1-1: Called Strike 1-2: Foul Ball, location: 2F 1-2: Foul Ball, location: 2F 1-2: Ball 2-2: DOUBLE (Line Drive, 8RXD) José Colón scores
|
Batting: RHB Felipe Jareño
|
0-0: Called Strike 0-1: Fly out, F7 (Flyball, 78M)
|
Bottom of the 5th over - 3 run(s), 3 hit(s), 1 error(s), 1 left on base; Texarkana 0 - District 9 3 |
TOP OF THE 6TH |
Texarkana Bears batting - Pitching for District 9 Prawns : RHP Víctor Ventura
|
Batting: RHB Steve Garneys
|
0-0: Ball 1-0: Ball 2-0: Ball 3-0: Base on Balls
|
Batting: RHB Tony Reyes
|
0-0: Ball 1-0: Ball 2-0: Called Strike 2-1: Swinging Strike 2-2: Strikes out looking
|
Batting: LHB Sam Barnes
|
0-0: Ball 1-0: Called Strike 1-1: Ball 2-1: Ball 3-1: Base on Balls Steve Garneys to second
|
Batting: RHB Kun Liu
|
0-0: Ball 1-0: Called Strike 1-1: Called Strike 1-2: Ball 2-2: Foul Ball, location: 2F 2-2: Foul Ball, location: 2F 2-2: Foul Ball, location: 2F 2-2: SINGLE (Line Drive, 34D) Steve Garneys to third Sam Barnes to second Runner from 3rd tries for Home, SAFE, no throw
|
Batting: LHB Tom Mullins
|
0-0: Ball 1-0: Fly out, F7 (Flyball, 7LS)
|
Batting: RHB Taki Chikafuji
|
0-0: Fielders Choice at 2nd, 4-6 (Groundball, 4)
|
Top of the 6th over - 1 run(s), 1 hit(s), 0 error(s), 1 left on base; Texarkana 1 - District 9 3 |
BOTTOM OF THE 6TH |
District 9 Prawns batting - Pitching for Texarkana Bears : LHP Juan Barrera
|
Batting: RHB Reynold Akker
|
0-0: Swinging Strike 0-1: Foul Ball, location: 2F 0-2: Strikes out swinging
|
Batting: RHB Jeff Stevenson
|
0-0: Called Strike 0-1: Called Strike 0-2: Foul Ball, location: 2F 0-2: Ball 1-2: Strikes out swinging
|
Batting: LHB Donnie Cunningham
|
0-0: Ball 1-0: Foul Ball, location: 2F 1-1: Fly out, F8 (Flyball, 8RS)
|
Bottom of the 6th over - 0 run(s), 0 hit(s), 0 error(s), 0 left on base; Texarkana 1 - District 9 3 |
TOP OF THE 7TH |
Texarkana Bears batting - Pitching for District 9 Prawns : RHP Víctor Ventura
|
Batting: RHB Arturo Rodríguez
|
0-0: Foul Ball, location: 2F 0-1: DOUBLE (Flyball, 89M)
|
Batting: RHB Gilberto López
|
0-0: Called Strike 0-1: Swinging Strike 0-2: Ball 1-2: Ball 2-2: Ball 3-2: Ground out 6-3 (Groundball, 6)
|
Batting: RHB Michael Barraclough
|
0-0: Ball 1-0: Ball 2-0: Foul Ball, location: 2F 2-1: Swinging Strike 2-2: Strikes out swinging
|
Batting: RHB Steve Garneys
|
0-0: SINGLE (Groundball, 6MD) Arturo Rodríguez to third Runner from 3rd tries for Home, SAFE, no throw
|
Batting: RHB Tony Reyes
|
0-0: Ball Steve Garneys is caught stealing 2nd base
|
Top of the 7th over - 1 run(s), 2 hit(s), 0 error(s), 0 left on base; Texarkana 2 - District 9 3 |
BOTTOM OF THE 7TH |
District 9 Prawns batting - Pitching for Texarkana Bears : LHP Juan Barrera
|
Batting: RHB Phil Jacobs
|
0-0: Called Strike 0-1: Ground out 5-3 (Groundball, 56S)
|
Batting: LHB Leonard Young
|
0-0: Ball 1-0: Ball 2-0: Called Strike 2-1: SINGLE (Line Drive, 78S)
|
Batting: RHB José Colón
|
0-0: Called Strike 0-1: SINGLE (Line Drive, 7S) Leonard Young to second
|
Batting: SHB Tony López
|
0-0: Called Strike 0-1: Ball 1-1: Ball 2-1: Called Strike 2-2: Foul Ball, location: 2F 2-2: Fly out, F7 (Flyball, 7D) Runner from 2nd tags up, SAFE at 3rd, no throw
|
Batting: RHB Jared Thompson
|
0-0: Called Strike 0-1: Ball 1-1: Swinging Strike 1-2: Ball 2-2: Foul Ball, location: 2F 2-2: Ball Wild Pitch! Leonard Young scores José Colón to second 3-2: Strikes out swinging
|
Bottom of the 7th over - 1 run(s), 2 hit(s), 0 error(s), 1 left on base; Texarkana 2 - District 9 4 |
TOP OF THE 8TH |
Texarkana Bears batting - Pitching for District 9 Prawns : RHP Víctor Ventura
|
Pitching: RHP Mike Stabler
|
|
Batting: RHB Tony Reyes
|
0-0: Called Strike 0-1: Ground out 5-3 (Groundball, 56)
|
Batting: LHB Sam Barnes
|
0-0: Called Strike 0-1: SINGLE (Line Drive, 78S)
|
Pitching: RHP Clayton Hawkins
|
|
Batting: RHB Kun Liu
|
0-0: Called Strike 0-1: Ball 1-1: Foul Ball, location: 2F 1-2: Ball 2-2: Ball 3-2: Strikes out looking
|
Pitching: LHP Ben Johnson
|
|
Batting: LHB Tom Mullins
|
0-0: Fielders Choice at 2nd, 5-4 (Groundball, 56)
|
Top of the 8th over - 0 run(s), 1 hit(s), 0 error(s), 0 left on base; Texarkana 2 - District 9 4 |
BOTTOM OF THE 8TH |
District 9 Prawns batting - Pitching for Texarkana Bears : LHP Juan Barrera
|
Pitching: RHP Kosami Tagawa
|
|
Batting: RHB Felipe Jareño
|
0-0: Called Strike 0-1: Ball 1-1: Ball 2-1: Foul Ball, location: 2F 2-2: Ground out 4-3 (Groundball, 4)
|
Batting: RHB Reynold Akker
|
0-0: Fly out, F4 (Popup, 4D)
|
Batting: RHB Jeff Stevenson
|
0-0: Ball 1-0: Swinging Strike 1-1: Called Strike 1-2: Foul Ball, location: 2F 1-2: Ground out 6-3 (Groundball, 6)
|
Bottom of the 8th over - 0 run(s), 0 hit(s), 0 error(s), 0 left on base; Texarkana 2 - District 9 4 |
TOP OF THE 9TH |
Texarkana Bears batting - Pitching for District 9 Prawns : LHP Ben Johnson
|
Pitching: RHP Juan Gutiérrez
|
|
Batting: RHB Taki Chikafuji
|
0-0: Ball 1-0: Called Strike 1-1: Ball 2-1: Ball 3-1: Base on Balls
|
Batting: RHB Arturo Rodríguez
|
0-0: Called Strike 0-1: Ball 1-1: Swinging Strike 1-2: Foul Ball, location: 2F 1-2: Foul Ball, location: 2F 1-2: Ball 2-2: Grounds into double play, 6-4-3 (Groundball, 6M)
|
Batting: RHB Gilberto López
|
0-0: Called Strike 0-1: Swinging Strike 0-2: Single, Error in OF, E7, batter to second base
|
Batting: RHB Michael Barraclough
|
0-0: Ball 1-0: Called Strike 1-1: Ball 2-1: Ball 3-1: Called Strike 3-2: Foul Ball, location: 2F 3-2: Strikes out swinging
|
Top of the 9th over - 0 run(s), 1 hit(s), 1 error(s), 1 left on base; Texarkana 2 - District 9 4 |
|